[Event "3rd Memorial Warakomska 2019"]
[Site "Suwalki"]
[Date "2019.08.11"]
[Round "8.7"]
[White "Czarnota, Pawel"]
[Black "Goluch, Piotr"]
[Result "1/2-1/2"]
[ECO "B12"]
[WhiteElo "2534"]
[BlackElo "2386"]
[Annotator "ChessBase"]
[PlyCount "51"]
[EventDate "2019.08.05"]
[EventType "swiss"]
[EventCountry "POL"]
[SourceTitle "playchess.com"]
[Source "ChessBase"]
[SourceQuality "1"]
[TimeControl "40/5400+30:1800+30"]

1. e4 c6 2. d4 d5 3. e5 Bf5 4. Nf3 e6 5. Be2 Ne7 6. O-O c5 7. Be3 Nec6 8. dxc5 Nd7 9. c4 Bxc5 10. cxd5 exd5 11. Bxc5 Nxc5 12. Nc3 Be4 13. Rc1 O-O 14. Nxe4 Nxe4 15. Qb3 Qd7 16. Rfd1 Rfd8 17. Bb5 a6 18. Bxc6 bxc6 19. Qa4 c5 20. Qxd7 Rxd7 21. Ne1 Rc8 22. Nc2 Rcd8 23. h4 c4 24. Nb4 Nc5 25. b3 Rb8 26. Nxd5 1/2-1/2

[Event "3rd Memorial Warakomska 2019"]
[Site "Suwalki"]
[Date "2019.08.11"]
[Round "8.8"]
[White "Dhulipalla Bala Chandra Prasad"]
[Black "Shyam, Sundar M."]
[Result "0-1"]
[ECO "A40"]
[WhiteElo "2419"]
[BlackElo "2520"]
[Annotator "ChessBase"]
[PlyCount "82"]
[EventDate "2019.08.05"]
[EventType "swiss"]
[EventCountry "POL"]
[SourceTitle "playchess.com"]
[Source "ChessBase"]
[SourceQuality "1"]
[TimeControl "40/5400+30:1800+30"]

1. d4 g6 2. c4 Bg7 3. g3 c5 4. dxc5 Qa5+ 5. Nc3 Qxc5 6. Nd5 Na6 7. Qb3 Nf6 8. Be3 Qa5+ 9. Bd2 Qd8 10. Bg2 Nxd5 11. cxd5 O-O 12. Nh3 Nc5 13. Qb4 Qb6 14. O-O d6 15. Qh4 Qxb2 16. Be3 Qxe2 17. Nf4 Qg4 18. Qxe7 Qd7 19. Qh4 Bxa1 20. Rxa1 Qd8 21. Qh6 Qf6 22. Rc1 Qg7 23. Qxg7+ Kxg7 24. Bd4+ Kg8 25. Bxc5 dxc5 26. Rxc5 Rd8 27. h4 Kf8 28. Bf3 Ke7 29. Rc7+ Rd7 30. Rc3 Kd6 31. Ne2 Rc7 32. Ra3 Bd7 33. g4 f5 34. g5 Rc4 35. Rb3 b5 36. Kg2 a5 37. Kg3 a4 38. Rb1 b4 39. Nf4 Rb8 40. h5 gxh5 41. Rh1 Ke5 0-1

[Event "3rd Memorial Warakomska 2019"]
[Site "Suwalki"]
[Date "2019.08.11"]
[Round "8.9"]
[White "Jakubowski, Krzysztof"]
[Black "Hnydiuk, Aleksander"]
[Result "1/2-1/2"]
[ECO "A11"]
[WhiteElo "2528"]
[BlackElo "2412"]
[Annotator "ChessBase"]
[PlyCount "110"]
[EventDate "2019.08.05"]
[EventType "swiss"]
[EventCountry "POL"]
[SourceTitle "playchess.com"]
[Source "ChessBase"]
[SourceQuality "1"]
[TimeControl "40/5400+30:1800+30"]

1. c4 c6 2. d4 d5 3. e3 Nf6 4. Nc3 a6 5. Bd2 dxc4 6. Bxc4 e6 7. Qf3 Nbd7 8. Nge2 Bd6 9. Ng3 O-O 10. Rd1 e5 11. Nce4 exd4 12. O-O Bxg3 13. Nxf6+ Qxf6 14. Qxg3 Nb6 15. Bb3 Be6 16. Bb4 Bxb3 17. axb3 dxe3 18. fxe3 Qg6 19. Qxg6 hxg6 20. Bxf8 Kxf8 21. Rd4 Nd5 22. e4 Nf6 23. Rfd1 Ke7 24. g4 g5 25. h4 c5 26. Rd6 gxh4 27. g5 Nxe4 28. Rd7+ Ke6 29. g6 fxg6 30. Rxb7 g5 31. Rxg7 Kf5 32. Rd5+ Kf4 33. Rf7+ Kg4 34. Re5 Nd2 35. Re2 Nf3+ 36. Kf2 Nd4 37. Re4+ Kh5 38. b4 Rb8 39. bxc5 Rxb2+ 40. Ke3 Nb5 41. Rh7+ Kg6 42. Rh8 Rb3+ 43. Kd2 h3 44. Re3 Rb2+ 45. Kd3 g4 46. Re1 Kg5 47. c6 h2 48. Rc1 g3 49. Ke4 Kg4 50. c7 Nxc7 51. Rxc7 Re2+ 52. Kd3 Re1 53. Rch7 Kf3 54. Rxh2 gxh2 55. Rxh2 Rd1+ {[%emt 0:00:17] Ke4+} 1/2-1/2

[Event "3rd Memorial Warakomska 2019"]
[Site "Suwalki"]
[Date "2019.08.11"]
[Round "8.10"]
[White "Zakhartsov, Viacheslav V."]
[Black "Kosakowski, Jakub"]
[Result "1/2-1/2"]
[ECO "D30"]
[WhiteElo "2518"]
[BlackElo "2394"]
[Annotator "ChessBase"]
[PlyCount "68"]
[EventDate "2019.08.05"]
[EventType "swiss"]
[EventCountry "POL"]
[SourceTitle "playchess.com"]
[Source "ChessBase"]
[SourceQuality "1"]
[TimeControl "40/5400+30:1800+30"]

1. d4 Nf6 2. c4 e6 3. Nf3 d5 4. Bg5 Bb4+ 5. Nc3 h6 6. Bxf6 Qxf6 7. Qb3 c5 8. cxd5 exd5 9. a3 Bxc3+ 10. Qxc3 Nd7 11. e3 O-O 12. Be2 b6 13. O-O Bb7 14. Rfc1 c4 15. b3 b5 16. a4 a6 17. Rab1 Bc6 18. Nd2 Qd6 19. bxc4 dxc4 20. Bf3 Bxf3 21. Nxf3 Qc6 22. Rc2 Rfc8 23. h3 Rab8 24. Rcb2 Nf6 25. Ne5 Qe4 26. axb5 axb5 27. Rxb5 Qxb1+ 28. Rxb1 Rxb1+ 29. Kh2 Rb3 30. Qc2 Rbb8 31. Qa2 Ra8 32. Qc2 Rab8 33. Qa2 Ra8 34. Qc2 Rab8 1/2-1/2

[Event "3rd Memorial Warakomska 2019"]
[Site "Suwalki"]
[Date "2019.08.11"]
[Round "8.11"]
[White "Warakomski, Tomasz"]
[Black "Tihonov, Jurij"]
[Result "1-0"]
[ECO "B93"]
[WhiteElo "2497"]
[BlackElo "2393"]
[Annotator "ChessBase"]
[PlyCount "79"]
[EventDate "2019.08.05"]
[EventType "swiss"]
[EventCountry "POL"]
[SourceTitle "playchess.com"]
[Source "ChessBase"]
[SourceQuality "1"]
[TimeControl "40/5400+30:1800+30"]

1. e4 c5 2. Nf3 d6 3. d4 cxd4 4. Nxd4 Nf6 5. Nc3 a6 6. f4 e5 7. Nf3 Nbd7 8. a4 Be7 9. Bc4 O-O 10. O-O Qc7 11. Qe2 exf4 12. Bxf4 Ne5 13. Bb3 Bg4 14. Kh1 Rfe8 15. Qf2 Be6 16. Nd4 Bxb3 17. cxb3 Qc5 18. Rad1 Rac8 19. h3 Bf8 20. Bg5 Nfd7 21. Nd5 Qa7 22. Be3 b6 23. b4 Qb7 24. Nf5 Rc4 25. Bd4 g6 26. Nfe3 Rcc8 27. Bxe5 Nxe5 28. Nf6+ Kh8 29. Nxe8 Rxe8 30. Nd5 b5 31. axb5 axb5 32. Ra1 Bg7 33. Qa7 Qc8 34. Rac1 Qd8 35. Qb7 g5 36. Qc7 Qxc7 37. Nxc7 Rb8 38. b3 h5 39. Rfd1 Rb6 40. Rd5 1-0

[Event "3rd Memorial Warakomska 2019"]
[Site "Suwalki"]
[Date "2019.08.11"]
[Round "8.12"]
[White "Grib, Roman"]
[Black "Janik, Igor"]
[Result "1/2-1/2"]
[ECO "B40"]
[WhiteElo "2421"]
[BlackElo "2495"]
[Annotator "ChessBase"]
[PlyCount "86"]
[EventDate "2019.08.05"]
[EventType "swiss"]
[EventCountry "POL"]
[SourceTitle "playchess.com"]
[Source "ChessBase"]
[SourceQuality "1"]
[TimeControl "40/5400+30:1800+30"]

1. e4 c5 2. Nf3 e6 3. g3 Nf6 4. e5 Nd5 5. Bg2 Nc6 6. O-O Be7 7. Re1 O-O 8. Nc3 Nxc3 9. dxc3 d5 10. exd6 Bxd6 11. Ng5 Be7 12. Qh5 h6 13. Nf3 Qe8 14. Ne5 Nxe5 15. Qxe5 f6 16. Qe2 a5 17. Be4 Ra6 18. Bd3 Rb6 19. Bf4 g5 20. Bc7 Rxb2 21. Rab1 Rxb1 22. Rxb1 a4 23. Bc4 Qd7 24. Ba5 Bd6 25. Bb5 Qe7 26. Bxa4 Bc7 27. Bxc7 Qxc7 28. Bb3 Kg7 29. Rd1 Qc6 30. Bc4 Bd7 31. Rd2 Rf7 32. Qd1 b5 33. Rd6 Qe4 34. Rxd7 Qxc4 35. Rxf7+ Kxf7 36. Qd7+ Kg6 37. Qc6 Qxa2 38. Qxc5 Qxc2 39. Qxb5 Qc1+ 40. Kg2 Qxc3 41. Qe8+ Kf5 42. Qh5 Qc6+ 43. Kg1 Qc1+ 1/2-1/2

[Event "3rd Memorial Warakomska 2019"]
[Site "Suwalki"]
[Date "2019.08.11"]
[Round "8.13"]
[White "Sharankov, Grigory"]
[Black "Karthik Venkataraman"]
[Result "1/2-1/2"]
[ECO "E20"]
[WhiteElo "2221"]
[BlackElo "2480"]
[Annotator "ChessBase"]
[PlyCount "121"]
[EventDate "2019.08.05"]
[EventType "swiss"]
[EventCountry "POL"]
[SourceTitle "playchess.com"]
[Source "ChessBase"]
[SourceQuality "1"]
[TimeControl "40/5400+30:1800+30"]

1. d4 Nf6 2. c4 e6 3. Nc3 Bb4 4. g3 O-O 5. Bg2 d5 6. cxd5 exd5 7. e3 Re8 8. Nge2 a5 9. O-O Na6 10. a3 Bf8 11. Nf4 c6 12. f3 b5 13. Bd2 h6 14. Nd3 Bf5 15. Ne5 c5 16. Be1 b4 17. Na4 Rc8 18. g4 Bh7 19. axb4 cxd4 20. Qxd4 Bxb4 21. Bg3 Nc5 22. Nxc5 Bxc5 23. Qd2 Qb6 24. Qxa5 Bxe3+ 25. Kh1 Qxb2 26. Qa6 Rc3 27. Ra2 Qb3 28. Ra5 Rc1 29. Ra3 Rxf1+ 30. Bxf1 Qb6 31. Qxb6 Bxb6 32. Kg2 Bc5 33. Ra5 Bd6 34. Nd7 Bxg3 35. Nxf6+ gxf6 36. Kxg3 Rd8 37. Ra3 Kf8 38. Kf4 Re8 39. Bb5 Re5 40. Ra8+ Kg7 41. Rd8 Bc2 42. Bc6 Bb3 43. Rd7 Bc4 44. h3 h5 45. Kg3 Kg6 46. Rd8 Kg7 47. Rd7 hxg4 48. hxg4 Kg6 49. Kf4 Kg7 50. Kg3 Kf8 51. Kf4 Rg5 52. Kg3 Re5 53. Kf4 Bb3 54. Kg3 Kg7 55. Kf4 Kg6 56. Rd8 Ba2 57. Rd7 Rg5 58. Rd6 Re5 59. Rd7 Bb3 60. Rd8 Kg7 61. Rd7 1/2-1/2

[Event "3rd Memorial Warakomska 2019"]
[Site "Suwalki"]
[Date "2019.08.11"]
[Round "8.14"]
[White "Matviishen, Viktor"]
[Black "Zylka, Stanislaw"]
[Result "1-0"]
[ECO "C77"]
[WhiteElo "2495"]
[BlackElo "2308"]
[Annotator "ChessBase"]
[PlyCount "73"]
[EventDate "2019.08.05"]
[EventType "swiss"]
[EventCountry "POL"]
[SourceTitle "playchess.com"]
[Source "ChessBase"]
[SourceQuality "1"]
[TimeControl "40/5400+30:1800+30"]

1. e4 e5 2. Nf3 Nc6 3. Bb5 a6 4. Ba4 Nf6 5. d3 b5 6. Bb3 Bc5 7. Nc3 d6 8. a4 Rb8 9. axb5 axb5 10. Nd5 h6 11. c3 Nxd5 12. Bxd5 Ne7 13. Bb3 O-O 14. O-O Ng6 15. Be3 Qf6 16. h3 Nf4 17. Kh2 g5 18. Ng1 g4 19. g3 Nxh3 20. Nxh3 gxh3 21. d4 Bb6 22. f4 exf4 23. Rxf4 Qg6 24. Rh4 b4 25. Bxh6 bxc3 26. bxc3 Re8 27. Bc2 c5 28. e5 f5 29. exf6 Qxf6 30. Bb3+ Be6 31. Qg4+ Kf7 32. Rf1 Ke7 33. Bxe6 Qxf1 34. Bg5+ Kf8 35. Rh8+ Kg7 36. Rh7+ Kxh7 37. Qh5+ 1-0

[Event "3rd Memorial Warakomska 2019"]
[Site "Suwalki"]
[Date "2019.08.11"]
[Round "8.15"]
[White "Efroimski, Marsel"]
[Black "Pavlov, Sergey"]
[Result "0-1"]
[ECO "B45"]
[WhiteElo "2318"]
[BlackElo "2486"]
[Annotator "ChessBase"]
[PlyCount "92"]
[EventDate "2019.08.05"]
[EventType "swiss"]
[EventCountry "POL"]
[SourceTitle "playchess.com"]
[Source "ChessBase"]
[SourceQuality "1"]
[TimeControl "40/5400+30:1800+30"]

1. e4 c5 2. Nc3 e6 3. Nf3 Nc6 4. d4 cxd4 5. Nxd4 Nf6 6. Nxc6 bxc6 7. e5 Nd5 8. Ne4 Qc7 9. f4 Qb6 10. c4 Ne3 11. Qd3 Bb4+ 12. Bd2 Ba6 13. c5 Nxf1 14. Nd6+ Ke7 15. cxb6 Bxd2+ 16. Qxd2 Nxd2 17. b7 Bxb7 18. Kxd2 Rab8 19. b4 f6 20. Rhb1 g5 21. g3 Rhg8 22. h4 Ba6 23. a4 gxf4 24. gxf4 Rg2+ 25. Ke3 fxe5 26. fxe5 Re2+ 27. Kd4 Rd2+ 28. Kc3 Rd3+ 29. Kc2 Rd5 30. b5 Rxe5 31. bxa6 Rc5+ 32. Kd3 Rxb1 33. Rxb1 Kxd6 34. Rb7 Ra5 35. Rxa7 Rxa4 36. h5 h6 37. Kc3 e5 38. Ra8 Kd5 39. a7 d6 40. Rh8 Rxa7 41. Rxh6 Ra3+ 42. Kd2 Rh3 43. Ke2 c5 44. Kf2 c4 45. Kg2 Rh4 46. Rh8 c3 0-1

[Event "3rd Memorial Warakomska 2019"]
[Site "Suwalki"]
[Date "2019.08.11"]
[Round "8.16"]
[White "Koziol, Kamil"]
[Black "Galperin, Platon"]
[Result "0-1"]
[ECO "B61"]
[WhiteElo "2307"]
[BlackElo "2445"]
[Annotator "NA"]
[PlyCount "78"]
[EventDate "2019.08.05"]
[EventType "swiss"]
[EventCountry "POL"]
[SourceTitle "playchess.com"]
[Source "ChessBase"]
[SourceQuality "1"]
[TimeControl "40/5400+30:1800+30"]

1. e4 c5 2. Nf3 Nc6 3. d4 cxd4 4. Nxd4 Nf6 5. Nc3 d6 6. Bg5 Bd7 7. Qd2 h6 8. Bxf6 gxf6 9. f4 Nxd4 10. Qxd4 Qa5 11. O-O-O Rc8 12. Kb1 Qc5 13. Qd3 f5 14. e5 Bg7 15. Be2 O-O 16. g4 Rfd8 17. gxf5 dxe5 18. Ne4 Qc7 19. Rdg1 Kh8 20. f6 exf6 21. Rxg7 Ba4 22. Rh7+ Kxh7 23. Nxf6+ Kg7 24. Qh7+ Kxf6 25. Qxh6+ Ke7 26. Qg5+ f6 27. Qg7+ Kd6 28. Rd1+ Kc6 29. Qxf6+ Kc5 30. Bd3 Qd6 31. Qf7 Kb6 32. Rg1 Qc5 33. Rg6+ Rc6 34. b3 Rxd3 35. Rxc6+ Bxc6 36. cxd3 Qg1+ 37. Kb2 Qxh2+ 38. Kc3 Qxf4 39. Qe7 Qc1+ {[%emt 0:00:09] Kd4} 0-1

[Event "3rd Memorial Warakomska 2019"]
[Site "Suwalki"]
[Date "2019.08.11"]
[Round "8.17"]
[White "Lewtak, Damian"]
[Black "Budrewicz, Krzysztof"]
[Result "1-0"]
[ECO "A05"]
[WhiteElo "2354"]
[BlackElo "2188"]
[Annotator "NA"]
[PlyCount "77"]
[EventDate "2019.08.05"]
[EventType "swiss"]
[EventCountry "POL"]
[SourceTitle "playchess.com"]
[Source "ChessBase"]
[SourceQuality "1"]
[TimeControl "40/5400+30:1800+30"]

1. Nf3 Nf6 2. b3 g6 3. Bb2 Bg7 4. e3 O-O 5. g3 d6 6. Bg2 e5 7. d3 c5 8. c4 Nc6 9. O-O Re8 10. Nc3 h6 11. Nd2 Rb8 12. Nde4 Be6 13. a3 a6 14. Nxf6+ Bxf6 15. Nd5 Bg7 16. Bc3 Ne7 17. Qd2 Nxd5 18. cxd5 Bd7 19. e4 Rf8 20. f4 f6 21. f5 g5 22. Bf3 Be8 23. Kg2 h5 24. Qd1 g4 25. Be2 Bh6 26. Rh1 Rf7 27. h3 gxh3+ 28. Rxh3 Rg7 29. Bxh5 Bg5 30. Bd2 Bxh5 31. Rxh5 Bxd2 32. Qxd2 Kf7 33. Rah1 Qb6 34. Rh7 Rbg8 35. Qh6 Rxh7 36. Qxh7+ Rg7 37. Qh5+ Ke7 38. Qh8 Rf7 39. Qc8 1-0

[Event "3rd Memorial Warakomska 2019"]
[Site "Suwalki"]
[Date "2019.08.11"]
[Round "8.18"]
[White "Punin, Andrii"]
[Black "Reza, Wojciech"]
[Result "1/2-1/2"]
[ECO "B81"]
[WhiteElo "2305"]
[BlackElo "2261"]
[Annotator "NA"]
[PlyCount "60"]
[EventDate "2019.08.05"]
[EventType "swiss"]
[EventCountry "POL"]
[SourceTitle "playchess.com"]
[Source "ChessBase"]
[SourceQuality "1"]
[TimeControl "40/5400+30:1800+30"]

1. e4 c5 2. Nf3 e6 3. d4 cxd4 4. Nxd4 Nf6 5. Nc3 d6 6. g4 a6 7. g5 Nfd7 8. h4 b5 9. a3 Bb7 10. Be3 Nb6 11. Qg4 N8d7 12. f4 Rc8 13. Rh3 Rxc3 14. bxc3 Qc7 15. Bd2 e5 16. Nf5 g6 17. Ne3 Nc5 18. Bg2 Bxe4 19. fxe5 Bxg2 20. Qxg2 Bg7 21. Nd5 Nxd5 22. Qxd5 Bxe5 23. O-O-O Qc8 24. Rf3 O-O 25. Bf4 Nd7 26. Bxe5 Nxe5 27. Rg3 Qf5 28. Rg2 Qh3 29. Qxd6 Qxg2 30. Qxe5 Qf2 1/2-1/2

[Event "3rd Memorial Warakomska 2019"]
[Site "Suwalki"]
[Date "2019.08.11"]
[Round "8.19"]
[White "Barski, Radoslaw"]
[Black "Zakrzewski, Marek"]
[Result "1-0"]
[ECO "B48"]
[WhiteElo "2468"]
[BlackElo "2311"]
[Annotator "ChessBase"]
[PlyCount "79"]
[EventDate "2019.08.05"]
[EventType "swiss"]
[EventCountry "POL"]
[SourceTitle "playchess.com"]
[Source "ChessBase"]
[SourceQuality "1"]
[TimeControl "40/5400+30:1800+30"]

1. e4 c5 2. Nf3 e6 3. d4 cxd4 4. Nxd4 Nc6 5. Nc3 Qc7 6. Be3 a6 7. a3 b5 8. Nxc6 Qxc6 9. Be2 Bb7 10. O-O Rc8 11. Bf3 Qc7 12. Re1 d6 13. Bd4 e5 14. Nd5 Bxd5 15. exd5 Nf6 16. Bc3 Be7 17. a4 O-O 18. Qd2 Qd7 19. axb5 axb5 20. Ra6 Ne8 21. Rc6 f5 22. Be2 Rb8 23. Ba5 Nf6 24. Bb6 f4 25. Bxb5 f3 26. g3 Qg4 27. Bf1 Ne4 28. Qe3 Ng5 29. h4 Nh3+ 30. Kh2 Nf4 31. gxf4 Qxh4+ 32. Bh3 Rxf4 33. Rg1 Rbf8 34. Rg3 Qh5 35. Rc7 Bg5 36. Qc3 Re4 37. Rc8 Bf4 38. Rxf8+ Kxf8 39. Qc8+ Qe8 40. Qf5+ 1-0

[Event "3rd Memorial Warakomska 2019"]
[Site "Suwalki"]
[Date "2019.08.11"]
[Round "8.20"]
[White "Szadkowski, Kamil"]
[Black "Kaczmarek, Aleksander"]
[Result "1-0"]
[ECO "C11"]
[WhiteElo "2245"]
[BlackElo "2389"]
[Annotator "NA"]
[PlyCount "135"]
[EventDate "2019.08.05"]
[EventType "swiss"]
[EventCountry "POL"]
[SourceTitle "playchess.com"]
[Source "ChessBase"]
[SourceQuality "1"]
[TimeControl "40/5400+30:1800+30"]

1. e4 e6 2. d4 d5 3. Nc3 Nf6 4. Bg5 dxe4 5. Nxe4 Be7 6. Ng3 Nbd7 7. Nf3 c5 8. Bc4 cxd4 9. O-O h6 10. Bf4 g5 11. Bc1 Qc7 12. Qe2 a6 13. Re1 Nb6 14. Bd3 Nbd5 15. Nxd4 Bd7 16. c4 Nf4 17. Bxf4 Qxf4 18. Ndf5 Bb4 19. Ng7+ Kf8 20. N7h5 Nxh5 21. Nxh5 Qd4 22. Red1 Ba4 23. b3 Bc6 24. Bf5 Qc5 25. Qb2 Rg8 26. Bxe6 Qe7 27. Bd5 g4 28. g3 Ba3 29. Qd4 Bc5 30. Qf4 Rg6 31. Re1 Qd7 32. Nf6 Qd6 33. Qxd6+ Bxd6 34. Ne4 Bb4 35. Re3 f5 36. Nc3 Bc5 37. Re5 Rf6 38. Rd1 Bb4 39. Ne2 Bd6 40. Re6 Rxe6 41. Bxe6 Bc5 42. Bd5 Ke7 43. Kg2 a5 44. Nf4 Bd6 45. Re1+ Kd7 46. Bxc6+ Kxc6 47. Re6 a4 48. Rxh6 a3 49. Nd5 Re8 50. Ne3 Kd7 51. Kf1 Bc5 52. Nd5 Bd4 53. Rh7+ Kc8 54. Ne7+ Kb8 55. Nxf5 Bc5 56. Rd7 Rh8 57. Rd5 b6 58. Nh4 Re8 59. Ng6 Bb4 60. Ne5 Bc3 61. Nd3 Rh8 62. c5 Rxh2 63. cxb6 Kb7 64. Rd6 Rh5 65. Ke2 Rb5 66. Rg6 Ba5 67. Rxg4 Bxb6 68. Ra4 1-0

[Event "3rd Memorial Warakomska 2019"]
[Site "Suwalki"]
[Date "2019.08.11"]
[Round "8.21"]
[White "Molenda, Marcin"]
[Black "Szpar, Milosz"]
[Result "1/2-1/2"]
[ECO "A06"]
[WhiteElo "2387"]
[BlackElo "2289"]
[Annotator "NA"]
[PlyCount "21"]
[EventDate "2019.08.05"]
[EventType "swiss"]
[EventCountry "POL"]
[SourceTitle "playchess.com"]
[Source "ChessBase"]
[SourceQuality "1"]
[TimeControl "40/5400+30:1800+30"]

1. Nf3 d5 2. g3 Nf6 3. Bg2 Bf5 4. O-O e6 5. d3 Be7 6. c4 O-O 7. cxd5 exd5 8. Nc3 d4 9. Nb5 c5 10. Ne5 Bc8 11. a4 1/2-1/2

[Event "3rd Memorial Warakomska 2019"]
[Site "Suwalki"]
[Date "2019.08.11"]
[Round "8.23"]
[White "Kowalski, Igor"]
[Black "Shpanko, Nadiia"]
[Result "1-0"]
[ECO "D37"]
[WhiteElo "2320"]
[BlackElo "2132"]
[Annotator "NA"]
[PlyCount "69"]
[EventDate "2019.08.05"]
[EventType "swiss"]
[EventCountry "POL"]
[SourceTitle "playchess.com"]
[Source "ChessBase"]
[SourceQuality "1"]
[TimeControl "40/5400+30:1800+30"]

1. d4 d5 2. c4 e6 3. Nc3 Nf6 4. Nf3 Be7 5. Bf4 O-O 6. e3 b6 7. cxd5 Nxd5 8. Nxd5 Qxd5 9. Bd3 Qa5+ 10. Kf1 Ba6 11. Bxc7 Bxd3+ 12. Qxd3 Na6 13. Bg3 Rac8 14. a3 Nb4 15. Qe2 Qa4 16. Kg1 Nd5 17. h3 Rc2 18. Qd1 b5 19. e4 Nf6 20. Bh4 Re8 21. d5 Qxe4 22. d6 Bd8 23. Kh2 Rxb2 24. Re1 Qa4 25. d7 Bc7+ 26. Kh1 Rd8 27. Rc1 Bb6 28. Qd6 Rc2 29. Bxf6 gxf6 30. Qe7 Kg7 31. Rb1 Rc4 32. Rxe6 Rf4 33. Rxb6 axb6 34. Qxd8 Qe4 35. Rg1 1-0

[Event "3rd Memorial Warakomska 2019"]
[Site "Suwalki"]
[Date "2019.08.11"]
[Round "8.24"]
[White "Licznerski, Lukasz"]
[Black "Luba, Lukasz"]
[Result "1-0"]
[ECO "C41"]
[WhiteElo "2328"]
[BlackElo "2177"]
[Annotator "NA"]
[PlyCount "133"]
[EventDate "2019.08.05"]
[EventType "swiss"]
[EventCountry "POL"]
[SourceTitle "playchess.com"]
[Source "ChessBase"]
[SourceQuality "1"]
[TimeControl "40/5400+30:1800+30"]

1. e4 e5 2. Nf3 d6 3. d4 exd4 4. Nxd4 Nf6 5. Nc3 Be7 6. Be2 Nc6 7. Bf4 Be6 8. Bb5 Bd7 9. Bxc6 bxc6 10. e5 dxe5 11. Bxe5 Bd6 12. Bg3 O-O 13. O-O Qb8 14. b3 Rd8 15. Qf3 Bg4 16. Qe3 Bxg3 17. Nxc6 Qb6 18. Qxb6 cxb6 19. fxg3 Rd6 20. Ne5 Rc8 21. Nb5 Rd2 22. c4 Re8 23. Rfe1 Bc8 24. Nxa7 Bb7 25. Nf3 Rxe1+ 26. Nxe1 Ng4 27. b4 Ne5 28. c5 bxc5 29. bxc5 g5 30. a4 Rd7 31. Nb5 Bc6 32. Nd6 g4 33. a5 Kg7 34. Ra3 Ra7 35. Nc2 Kf6 36. Nb4 Ba8 37. a6 Ke6 38. Re3 f6 39. Nc4 Rd7 40. Nb6 Rd8 41. a7 Kf5 42. Na6 Rd1+ 43. Kf2 Ra1 44. Nc7 Ra2+ 45. Ke1 Bxg2 46. a8=Q Bxa8 47. Ncxa8 Rc2 48. Na4 Ra2 49. N8b6 Rxh2 50. Rc3 Rh1+ 51. Kf2 Rh2+ 52. Kg1 Ra2 53. c6 Ra1+ 54. Kf2 Ra2+ 55. Ke3 Nxc6 56. Rxc6 Rg2 57. Rc5+ Kg6 58. Kf4 h5 59. Nd5 Rf2+ 60. Ke4 f5+ 61. Ke5 Re2+ 62. Kd6 Kg5 63. Rc8 Rg2 64. Rg8+ Kh6 65. Nf6 Rxg3 66. Ke6 Rb3 67. Nc5 1-0

[Event "3rd Memorial Warakomska 2019"]
[Site "Suwalki"]
[Date "2019.08.11"]
[Round "8.25"]
[White "Pniaczek, Marek"]
[Black "Kulon, Klaudia"]
[Result "0-1"]
[ECO "D30"]
[WhiteElo "2276"]
[BlackElo "2331"]
[Annotator "NA"]
[PlyCount "54"]
[EventDate "2019.08.05"]
[EventType "swiss"]
[EventCountry "POL"]
[SourceTitle "playchess.com"]
[Source "ChessBase"]
[SourceQuality "1"]
[TimeControl "40/5400+30:1800+30"]

1. d4 d5 2. c4 e6 3. Nf3 c6 4. e3 Bd6 5. Bd3 f5 6. O-O Nf6 7. b3 Qe7 8. Bb2 O-O 9. Nbd2 b6 10. Qe2 Bb7 11. Ne5 Nbd7 12. Rac1 c5 13. cxd5 Nxd5 14. Ndc4 Nxe5 15. dxe5 Bc7 16. f3 a6 17. a4 Qg5 18. Rfe1 Rad8 19. f4 Qg6 20. g3 h5 21. Kf2 h4 22. Rg1 Qh6 23. h3 hxg3+ 24. Kxg3 Kf7 25. Kh2 Nxf4 26. exf4 Qxf4+ 27. Rg3 Rxd3 0-1

[Event "3rd Memorial Warakomska 2019"]
[Site "Suwalki"]
[Date "2019.08.11"]
[Round "8.27"]
[White "Suliborski, Jakub"]
[Black "Gurbanov, Andrei"]
[Result "1/2-1/2"]
[ECO "D43"]
[WhiteElo "2131"]
[BlackElo "2305"]
[Annotator "NA"]
[PlyCount "86"]
[EventDate "2019.08.05"]
[EventType "swiss"]
[EventCountry "POL"]
[SourceTitle "playchess.com"]
[Source "ChessBase"]
[SourceQuality "1"]
[TimeControl "40/5400+30:1800+30"]

1. d4 d5 2. Nf3 Nf6 3. c4 e6 4. Nc3 c6 5. Bg5 h6 6. Bxf6 Qxf6 7. e3 g6 8. Rc1 Nd7 9. Be2 Bg7 10. O-O O-O 11. a3 dxc4 12. Bxc4 Rd8 13. Qe2 e5 14. dxe5 Nxe5 15. Nxe5 Qxe5 16. Rfd1 Re8 17. Qf3 Qf6 18. Qxf6 Bxf6 19. Rd2 Bf5 20. Rcd1 Rad8 21. Kf1 Kf8 22. Ke2 Bg4+ 23. f3 Bf5 24. e4 Bc8 25. Rxd8 Bxd8 26. g3 h5 27. Rd2 g5 28. Bd3 Bc7 29. Bc2 Ke7 30. Kf1 Be6 31. Ne2 Be5 32. Bd1 h4 33. Kg2 hxg3 34. hxg3 Rh8 35. f4 Bh3+ 36. Kf3 gxf4 37. gxf4 Bc7 38. Nd4 Bc8 39. e5 Rh4 40. Ke4 f6 41. Nf5+ Bxf5+ 42. Kxf5 fxe5 43. fxe5 Rh1 1/2-1/2

[Event "3rd Memorial Warakomska 2019"]
[Site "Suwalki"]
[Date "2019.08.11"]
[Round "8.28"]
[White "Jankowiak, Tomasz"]
[Black "Paszewski, Mateusz"]
[Result "0-1"]
[ECO "B12"]
[WhiteElo "2104"]
[BlackElo "2324"]
[Annotator "NA"]
[PlyCount "78"]
[EventDate "2019.08.05"]
[EventType "swiss"]
[EventCountry "POL"]
[SourceTitle "playchess.com"]
[Source "ChessBase"]
[SourceQuality "1"]
[TimeControl "40/5400+30:1800+30"]

1. e4 c6 2. d4 d5 3. e5 Bf5 4. h4 h5 5. c4 e6 6. Nc3 Ne7 7. Nge2 Nd7 8. Ng3 Bg6 9. cxd5 Nxd5 10. Be2 Qb6 11. Nxd5 cxd5 12. a3 Nb8 13. b4 Nc6 14. Be3 O-O-O 15. b5 Na5 16. Qa4 Be7 17. O-O Kb8 18. Bd2 Nc4 19. Bxc4 dxc4 20. Ba5 Qxd4 21. Ne2 Qxe5 22. Bxd8 Rxd8 23. Qxc4 Bd3 24. Qf4 Qxf4 25. Nxf4 Bxf1 26. Kxf1 g6 27. Ke2 Bxh4 28. Nd3 Bf6 29. Rc1 Bd4 30. Rc4 e5 31. f4 e4 32. Nb4 f5 33. a4 Bb6 34. Rc3 Rd4 35. Nc2 Rxa4 36. Rg3 Ra2 37. Kd1 e3 38. Ne1 e2+ 39. Kc1 Bf2 0-1

[Event "3rd Memorial Warakomska 2019"]
[Site "Suwalki"]
[Date "2019.08.11"]
[Round "8.29"]
[White "Zaika, Daniil"]
[Black "Fiedorek, Michal"]
[Result "0-1"]
[ECO "E67"]
[WhiteElo "2216"]
[BlackElo "2241"]
[Annotator "NA"]
[PlyCount "74"]
[EventDate "2019.08.05"]
[EventType "swiss"]
[EventCountry "POL"]
[SourceTitle "playchess.com"]
[Source "ChessBase"]
[SourceQuality "1"]
[TimeControl "40/5400+30:1800+30"]

1. d4 Nf6 2. c4 g6 3. g3 Bg7 4. Bg2 O-O 5. Nc3 d6 6. Nf3 Nbd7 7. O-O e5 8. h3 Re8 9. e4 exd4 10. Nxd4 Nc5 11. Re1 Bd7 12. Kh2 h5 13. f4 c6 14. b4 Ne6 15. Be3 Nxd4 16. Bxd4 Be6 17. Rc1 Bxc4 18. e5 dxe5 19. fxe5 Nh7 20. Ne4 Bxa2 21. Nd6 Re7 22. b5 Bd5 23. bxc6 bxc6 24. Bxd5 cxd5 25. Qb3 Qa5 26. Re2 h4 27. Ra2 hxg3+ 28. Kg2 Qd8 29. Qxd5 Nf8 30. Bb6 Qxb6 31. Qxa8 Qe3 32. Rc8 Qxe5 33. Ne8 Bh6 34. Qc6 Re6 35. Qa4 Qd5+ 36. Kxg3 Re3+ 37. Kh2 Qe5+ 0-1